 Dungeon Crawl Stone Soup version 0.29.1-2-gbd0b4ee654 (webtiles) character file.

Game seed: 9564628393897754679

2750 GigaChad the Cleaver (level 9, -3/78 HPs)
             Began as a Minotaur Fighter on Nov 21, 2022.
             Was an Elder of Cheibriados.
             Killed from afar by Dowan (9 damage)
             ... with a stone arrow
             ... on level 7 of the Dungeon.
             The game lasted 00:12:11 (7474 turns).

GigaChad the Cleaver (Minotaur Fighter)             Turns: 7474, Time: 00:12:16

Health: -3/78      AC: 11    Str: 36    XL:     9   Next: 41%
Magic:  8/8        EV: 10    Int: 15    God:    Cheibriados [****..]
Gold:   328        SH:  6    Dex: 19    Spells: 8/8 levels left

rFire   + . .      SeeInvis .   B - +4 scimitar
rCold   . . .      Faith    .   c - +0 buckler
rNeg    . . .      Spirit   .   x - +0 chain mail {rF+}
rPois   .          Reflect  .   (helmet restricted)
rElec   .          Harm     .   (no cloak)
rCorr   .          Rampage  .   (no gloves)
Will    .....                   (no boots)
Stlth   ..........              (no amulet)
HPRegen 0.23/turn               (no ring)
MPRegen 0.11/turn               (no ring)

@: studying Poison Magic, very slow
A: horns 2, retaliatory headbutt
a: Renounce Religion, Bend Time, Temporal Distortion, Slouch


You were on level 7 of the Dungeon.
You worshipped Cheibriados.
Cheibriados was greatly pleased with you.
You visited 2 branches of the dungeon, and saw 8 of its levels.

You collected 328 gold pieces.

Inventory:

Hand Weapons
 a - a +2 war axe
 r - a +5 spear of distortion
 u - a +5 flail of protection
 v - a +0 whip of venom
 B - a +4 scimitar (weapon)
Armour
 b - a +0 scale mail
 c - a +0 buckler (worn)
 w - a +0 chain mail
 x - a +0 chain mail of fire resistance (worn)
Jewellery
 h - a ring of resist corrosion
Scrolls
 e - 5 scrolls of identify
 i - a scroll of brand weapon {unknown}
 l - 3 scrolls of teleportation
 m - 3 scrolls of magic mapping
 p - 2 scrolls of fear
 y - a scroll of acquirement {unknown}
Potions
 d - 3 potions of might
 f - 4 potions of flight
 g - 2 potions of cancellation {unknown}
 j - 5 potions of curing
 k - 2 potions of lignification {unknown}
 n - a potion of ambrosia {unknown}
 o - a potion of degeneration {unknown}
 q - 2 potions of haste {unknown}
 s - a potion of brilliance {unknown}
 t - a potion of berserk rage {unknown}
 z - 3 potions of mutation {unknown}
 A - 2 potions of attraction {unknown}


   Skills:
 * Level 6.6 Fighting
 + Level 1.7 Long Blades
 + Level 9.0(9.2) Axes
 + Level 2.5(6.2) Maces & Flails
 * Level 8.6 Armour
 + Level 2.9 Dodging
 * Level 2.1 Stealth
 * Level 7.1 Shields
 * Level 0.5 Poison Magic


You had 8 spell levels left.
You didn't know any spells.
Your spell library contained the following spells:

 Spells                   Type           Power      Damage    Failure   Level
 Apportation              Tloc           0%         N/A       75%         1
 Necrotise                Necr           0%         1d4       75%         1
 Summon Small Mammal      Summ           0%         N/A       75%         1
 Blink                    Tloc           0%         N/A       86%         2
 Lesser Beckoning         Tloc           0%         N/A       98%         3
 Vampiric Draining        Necr           0%         2d6       98%         3
 Agony                    Necr           0%         N/A       100%        5
 Manifold Assault         Tloc           0%         N/A       100%        5


Dungeon Overview and Level Annotations

Branches:
Dungeon (7/15)             Temple (1/1) D:5

Altars:
Ashenzari
Cheibriados
Dithmenos
Elyvilon
Gozag
Hepliaklqana
Makhleb
Nemelex Xobeh
Okawaru
Qazlal
Ru
Sif Muna
Trog
Vehumet
Wu Jian
Xom
Zin
The Shining One

Shops:
D:6 (

Annotations:
D:7 Dowan


Innate Abilities, Weirdness & Mutations

You have a pair of horns on your head.
You reflexively headbutt those who attack you in melee.


Message History

Dowan attacks as you move away! You block Dowan's attack.
Dowan hits you with a +0 dagger.
* * * LOW HITPOINT WARNING * * *
You closely miss Dowan.
Dowan casts a spell.
Dowan blinks!
Dowan shakes with grief.
You block Dowan's attack.
Things that are here:
a +0 short sword; a +0 leather armour Dowan casts a spell at you.
The stone arrow misses you.
Dowan casts a spell.
Dowan blinks!
There is a bloodstained altar of Trog, spattered with blood here.
Dowan gestures wildly while chanting.
Dowan blinks!
Dowan casts a spell at you. You block the shard of ice.
Dowan points at you and mumbles some strange words.
The shard of ice misses you. Dowan hits you with a +0 dagger.
* * * LOW HITPOINT WARNING * * *
You slice Dowan!!
Dowan is severely wounded.
Dowan casts a spell.
Dowan blinks!
Dowan breathes, "And she was my only..."
Dowan says, "Magic will overcome all!"
Dowan drinks a potion.
Dowan is healed!
Dowan casts a spell at you. The shard of ice hits you!!
* * * LOW HITPOINT WARNING * * *
You slash Dowan! You headbutt Dowan, but do no damage.
Dowan is almost dead.
Dowan breathes, "And she was my only..."
Dowan casts a spell at you. The shard of ice misses you.
Dowan gestures at you while chanting. The stone arrow hits you!
You die...

#.......####
#...........
#........##
#.........####.
###...)_....#.#..
..........†..#....#
..##..............#..
#.......8......#.#...#
#........@e..###......
.............##........
........._........#....
..........$..#..#.....#
..................#
................###
#...........)..###
........##.......#
.............###.#


You could see Dowan (fast).

Vanquished Creatures
  Grinder (D:3)
  Sigmund (D:3)
  Eustachio (D:5)
  2 steam dragons (D:7)
  Menkaure (D:4)
  Edmund (D:6)
  Duvessa (D:7)
  2 water moccasins (D:5)
  3 ice beasts
  An ogre (D:5)
  A phantom (D:5)
  A necrophage (D:6)
  2 bullfrogs (D:7)
  2 gnoll sergeants (D:6)
  A scorpion (D:6)
  A wight (D:7)
  2 howler monkeys
  4 hounds (D:5)
  A jelly (D:6)
  An orc priest (D:6)
  An iguana (D:6)
  A gnoll bouda (D:4)
  An orc wizard (D:6)
  Robin (D:3)
  10 gnolls
  5 adders
  2 shadow imps (D:6)
  A white imp (D:6)
  An ufetubus (D:6)
  A dart slug (D:4)
  7 orcs
  5 ball pythons
  3 bats (D:2)
  4 endoplasms
  3 giant cockroaches
  4 hobgoblins
  3 jackals (D:3)
  3 quokkas
  2 frilled lizards
  12 goblins
  6 kobolds
  3 rats (D:2)
109 creatures vanquished.

Notes
Turn   | Place    | Note
-------+----------+-------------------------------------------
     0 | D:1      | GigaChad the Minotaur Fighter began the quest for the Orb.
     0 | D:1      | Reached XP level 1. HP: 19/19 MP: 0/0
   361 | D:1      | Found a faded altar of an unknown god.
   374 | D:1      | Prayed at the altar of an unknown god.
   374 | D:1      | Became a worshipper of Cheibriados the Contemplative
   374 | D:1      | Reached * piety under Cheibriados
   659 | D:1      | Reached XP level 2. HP: 27/27 MP: 1/1
  1150 | D:2      | Reached ** piety under Cheibriados
  1252 | D:2      | Reached XP level 3. HP: 30/33 MP: 2/2
  1902 | D:3      | Found a snail-covered altar of Cheibriados.
  1909 | D:3      | Found a broken altar of Ashenzari.
  1979 | D:3      | Noticed Robin
  1987 | D:3      | Killed Robin
  1988 | D:3      | Reached skill level 3 in Axes
  2052 | D:3      | Reached XP level 4. HP: 40/40 MP: 3/3
  2094 | D:3      | Found a white marble altar of Elyvilon.
  2108 | D:3      | Noticed Sigmund
  2116 | D:3      | Killed Sigmund
  2117 | D:3      | Reached skill level 4 in Axes
  2117 | D:3      | Reached skill level 5 in Armour
  2117 | D:3      | Reached XP level 5. HP: 4/47 MP: 4/4
  2503 | D:3      | Reached XP level 6. HP: 47/53 MP: 5/5
  2613 | D:3      | Noticed Grinder
  2625 | D:3      | Paralysed by Grinder for 2 turns
  2639 | D:3      | Killed Grinder
  2640 | D:3      | Reached skill level 5 in Axes
  2640 | D:3      | Reached skill level 1 in Dodging
  2640 | D:3      | Reached skill level 5 in Shields
  3179 | D:4      | Reached *** piety under Cheibriados
  3827 | D:4      | Reached XP level 7. HP: 26/60 MP: 6/6
  3829 | D:4      | Reached skill level 6 in Axes
  4245 | D:4      | Noticed Menkaure
  4253 | D:4      | Killed Menkaure
  4254 | D:4      | Reached skill level 5 in Fighting
  4587 | D:5      | Entered Level 5 of the Dungeon
  4630 | D:5      | Found an opulent altar of Gozag.
  4689 | D:5      | Found a staircase to the Ecumenical Temple.
  4711 | Temple   | Entered the Ecumenical Temple
  4819 | D:5      | Found a shadowy altar of Dithmenos.
  4822 | D:5      | Noticed Eustachio
  4845 | D:5      | Killed Eustachio
  4846 | D:5      | Reached skill level 7 in Axes
  5162 | D:5      | Reached XP level 8. HP: 63/69 MP: 7/7
  5763 | D:5      | Reached skill level 8 in Axes
  5953 | D:5      | Reached **** piety under Cheibriados
  6107 | D:6      | Found Besch's Weapon Emporium.
  6632 | D:6      | Noticed Edmund
  6640 | D:6      | Killed Edmund
  6764 | D:6      | Reached skill level 1 in Stealth
  6852 | D:6      | Reached skill level 1 in Maces & Flails
  6880 | D:6      | Reached XP level 9. HP: 75/75 MP: 8/8
  7204 | D:6      | Found a sacrificial altar of Ru.
  7411 | D:7      | Reached skill level 9 in Axes
  7424 | D:7      | Reached skill level 1 in Long Blades
  7427 | D:7      | Found a glowing golden altar of the Shining One.
  7442 | D:7      | Found a bloodstained altar of Trog.
  7444 | D:7      | Noticed Dowan
  7448 | D:7      | Noticed Duvessa
  7462 | D:7      | Killed Duvessa
  7474 | D:7      | Killed from afar by Dowan

Illustrated notes

Levels and vault maps discovered:
D:1:      saegor_arrival_simple_d, layout_basic,
          dreamdust_ecumenical_altar_angels_and_demons, hangedman_decor_points
D:2:      layout_basic
D:3:      layout_basic, nicolae_overflow_squiral, mainiacjoe_overflow_boulevard,
          uniq_sigmund, uniq_robin, uniq_grinder
D:4:      layout_basic, uniq_menkaure
D:5:      layout_basic, nicolae_dithmenos_shadow_blocks,
          mainiacjoe_overflow_surrounded_room, minmay_temple_entry_stoned_glass,
          hangedman_decor_riveting, uniq_eustachio
D:6:      layout_basic, lemuel_round_altar, serial_shops, nicolae_shop_trees,
          minmay_misc_feat_rugged, minmay_manual_macuahuitl, uniq_edmund
D:7:      layout_rooms, lemuel_zombie_altar_yredelemnul,
          dancing_weapons_uskayaw, grunt_temple_overflow_open, st_stairs_7,
          uniq_duvessa
Temple:   eino_wide_crystal_templ

Skill      XL: |  1  2  3  4  5  6  7  8  9 |
---------------+----------------------------+-----
Armour         | 4 5 6 8 |  8.6
Shields        | 4 5 6 7 |  7.1
Axes           | 3 4 5 7 8 9 |  9.0
Fighting       | 4 5 6 |  6.6
Dodging        | 1 2 |  2.9
Stealth        | 1 2 |  2.1
Maces & Flails | 1 2 |  2.5
Long Blades    | 1 |  1.7
Poison Magic   | |  0.5

Action                   |  1- 3 |  4- 6 |  7- 9 || total
-------------------------+-------+-------+-------++-------
Melee: War axe           |    71 |    47 |    85 ||   203
       Headbutt          |    10 |     2 |    36 ||    48
       Flail             |       |       |    25 ||    25
       Scimitar          |       |       |    33 ||    33
  Use: Scroll            |       |       |    11 ||    11
       Potion            |       |       |     1 ||     1
Armor: Scale mail        |    44 |    20 |       ||    64
       Chain mail        |       |     4 |   126 ||   130
Dodge: Dodged            |    38 |    41 |   137 ||   216
Block: Buckler           |    23 |    24 |    74 ||   121
